 Dungeon Crawl Stone Soup version 0.30.1-11-g7821555f0a (webtiles) character file.

Game seed: 9898196891503361940

189 Okkudo the Chopper (level 5, -1/72 HPs)
             Began as a Hill Orc Monk on Nov 28, 2023.
             Splashed by a jelly's acid (2 damage)
             ... on level 4 of the Dungeon.
             The game lasted 00:14:23 (3206 turns).

Okkudo the Chopper (Hill Orc Monk)                  Turns: 3206, Time: 00:14:23

Health: -1/72      AC:  6    Str: 13 (16) XL:     5   Next: 68%
Magic:  5/5        EV:  2    Int:  7 (10) God:
Gold:   145        SH:  0    Dex: 10 (13) Spells: 4/4 levels left

rFire   + . .        a - +0 hand axe
rCold   . . .        d - orb {light}
rNeg    . . .        y - melded +0 plate armour
rPois   +            e - melded +0 helmet
rElec   .            (cloak currently unavailable)
rCorr   .            (gloves currently unavailable)
SInv    .            (boots currently unavailable)
Will    .....        (no amulet)
Stlth   +            b - ring of flight
HPRegen 0.32/turn    l - ring of protection from fire
MPRegen 0.09/turn

%: no passive effects
@: tree-form, corroded, hasted, glowing, very quick
A: stationary, stasis, torment immunity, boosted hp
a: no special abilities


You were on level 4 of the Dungeon.
You were a tree.
You visited 1 branch of the dungeon, and saw 4 of its levels.

You collected 145 gold pieces.

Inventory:

Hand Weapons
 a - a +0 hand axe (weapon)
Missiles
 k - 4 poisoned darts (quivered)
 u - 3 throwing nets
Armour
 d - an orb of light (worn)
 e - a +0 helmet (melded)
 y - a +0 plate armour (melded)
 z - a +0 buckler
Jewellery
 b - a ring of flight (left branch)
 l - a ring of protection from fire (right branch)
Wands
 w - a wand of polymorph (2)
 x - a wand of roots (9)
Scrolls
 f - a scroll of enchant weapon
 g - a scroll of brand weapon
 h - a scroll of identify
 i - a scroll of vulnerability
 j - 2 scrolls of enchant armour
 o - 4 scrolls of teleportation
 r - a scroll of amnesia
 t - a scroll of fog
Potions
 c - 2 potions of ambrosia
 m - a potion of degeneration
 n - a potion of might {unknown}
 p - a potion of haste
 q - a potion of heal wounds {unknown}
 v - a potion of curing {unknown}


   Skills:
 * Level 5.1 Fighting
 * Level 5.8 Axes
 + Level 0.0 Armour
 - Level 3.5 Dodging
 + Level 0.0 Shields


You had 4 spell levels left.
You didn't know any spells.
Your spell library contained the following spells:

 Spells                   Type           Power      Damage    Failure   Level
 Gell's Gravitas          Tloc           0%         N/A       80%         3
 Teleport Other           Tloc           0%         N/A       80%         3
 Dispersal                Tloc           0%         N/A       100%        6


Dungeon Overview and Level Annotations

Branches:
Dungeon (4/15)
 Temple: D:4-7

Altars:
Makhleb
Uskayaw


Message History

Really quaff the potion of lignification? [Y]es or [N]o only, please.
Really quaff the potion of lignification?
Uppercase [Y]es or [N]o only, please.
Really quaff the potion of lignification?
You turn into a tree.
Your +0 helmet melds into your body.
Your +0 plate armour melds into your body.
Your roots penetrate the ground.
The jelly completely misses you.
You hit the jelly.
Your branches burn!
* * * LOW HITPOINT WARNING * * *
The jelly is severely wounded.
The jelly hits you but does no damage.
You hit the jelly. The acid corrodes you!
Your branches burn!
* * * LOW HITPOINT WARNING * * *
The jelly is severely wounded.
The jelly hits you.
* * * LOW HITPOINT WARNING * * *
The acid corrodes you!
You are splashed with acid!
* * * LOW HITPOINT WARNING * * *
It was a potion of haste.
You feel yourself speed up. The jelly hits you but does no damage.
It was a potion of degeneration.
There was something very wrong with that liquid.
You feel weakened.
You feel dopey.
You feel clumsy. The jelly hits you but does no damage.
You hit the jelly. The acid corrodes you!
Your branches burn!
* * * LOW HITPOINT WARNING * * *
The jelly is severely wounded.
You hit the jelly but do no damage.
Your branches burn!
* * * LOW HITPOINT WARNING * * *
The jelly is severely wounded.
The jelly hits you but does no damage.
You completely miss the jelly.
The jelly is severely wounded.
The jelly hits you but does no damage.
You hit the jelly.
Your branches burn!
* * * LOW HITPOINT WARNING * * *
The jelly is almost dead.
You hit the jelly but do no damage.
Your branches burn!
You die...

#.#..........### #..###...#.
.. ##........[..#
#>.##...... ..
##......###.##.#..)<)..... #
#......###...#.##<##......
#...............##.###...#.
#..#.#...###...####.####.###
#..#.#.....##.##.......#...#
#..<......$.#.#...#.##.##...
#..>.......♣......#.##......
......J.#.#...#.#####...
.#........#...#.# ##.#
#...#..........# #..
#.....#.###...### #)#
.....##.# ............#
###.# #.# .......###.# #.
... ...## #.. ...


You could see a jelly.

Vanquished Creatures
  Jessica (D:2)
  Natasha (thrice) (D:3)
  2 adders (D:4)
  An ufetubus (D:4)
  3 dart slugs (D:1)
  4 orcs
  5 endoplasms
  2 giant cockroaches
  2 hobgoblins (D:1)
  7 quokkas
  4 ball pythons
  5 bats
  7 frilled lizards
  4 goblins
  4 kobolds
  5 rats
59 creatures vanquished.

Notes
Turn   | Place    | Note
-------+----------+-------------------------------------------
     0 | D:1      | Okkudo the Hill Orc Monk began the quest for the Orb.
     0 | D:1      | Reached XP level 1. HP: 19/19 MP: 1/1
   128 | D:1      | Reached XP level 2. HP: 23/27 MP: 2/2
   303 | D:1      | Reached XP level 3. HP: 25/33 MP: 3/3
  1095 | D:2      | Noticed Jessica
  1100 | D:2      | Killed Jessica
  1101 | D:2      | Reached skill level 5 in Axes
  1101 | D:2      | Reached XP level 4. HP: 34/41 MP: 4/4
  1230 | D:2      | Found a burning altar of Makhleb.
  1416 | D:2      | Found a faded altar of an unknown god.
  1898 | D:3      | Noticed Natasha
  2076 | D:3      | Killed Natasha
  2175 | D:3      | Found a hide-covered altar of Uskayaw.
  2175 | D:3      | Noticed a +0 dagger
  2175 | D:3      | Noticed a +0 falchion
  2175 | D:3      | Noticed a +0 falchion
  2176 | D:3      | Noticed a +0 spear
  2176 | D:3      | Noticed a +0 dagger
  2177 | D:3      | Noticed a +0 short sword
  2177 | D:3      | Noticed a +0 short sword
  2178 | D:3      | Noticed a +0 spear
  2276 | D:3      | Noticed Natasha
  2465 | D:3      | Killed Natasha
  2466 | D:3      | Reached XP level 5. HP: 28/47 MP: 5/5
  2490 | D:3      | Noticed Natasha
  2496 | D:3      | Killed Natasha
  2497 | D:3      | Reached skill level 5 in Fighting
  3203 | D:4      | HP: 2/72 [acid (2)]
  3206 | D:4      | Splashed by a jelly's acid

Illustrated notes

Levels and vault maps discovered:
D:1:      dpeg_arrival_circle_labyrinth_c, layout_basic, minmay_misc_feat_five
D:2:      layout_loops_ring, ebering_ecumenical_altar_petrified, basic_altar,
          uniq_jessica
D:3:      layout_basic, nicolae_uskayaw_en_pointe,
          corexii_item_surrounded_by_moat, uniq_natasha
D:4:      layout_loops_ring, nrook_loot_triangle

Skill      XL: |  1  2  3  4  5 |
---------------+----------------+-----
Fighting       | 4 5 |  5.1
Axes           | 5 |  5.8
Dodging        | 3 |  3.5

Action                     |  1- 3 |  4- 6 || total
---------------------------+-------+-------++-------
  Melee: Hand axe          |    64 |   115 ||   179
         Unarmed           |       |     4 ||     4
    Use: Scroll            |       |     8 ||     8
         Potion            |       |     3 ||     3
 Armour: Robe              |     6 |       ||     6
         Ring mail         |     1 |    28 ||    29
         Scale mail        |     1 |       ||     1
         Plate armour      |       |    16 ||    16
         Skin              |       |     5 ||     5
  Dodge: Dodged            |    37 |    69 ||   106
